 Dungeon Crawl Stone Soup version 0.29.1-1-gd02db6906a (webtiles) character file.

Game seed: 11715518326169453543

38234 corgi the Skirmisher (level 13, -1/110 HPs)
             Began as a Minotaur Hunter on Oct 14, 2022.
             Was the Champion of Hepliaklqana.
             Frozen to death by Anandil's ghost (17 damage)
             ... on level 5 of the Lair of Beasts.
             The game lasted 00:58:59 (14237 turns).

corgi the Skirmisher (Minotaur Hunter)             Turns: 14237, Time: 00:59:00

Health: -1/110     AC: 16    Str: 19    XL:     13   Next: 62%
Magic:  17/17      EV: 16    Int:  3    God:    Hepliaklqana [******]
Gold:   522        SH:  0    Dex: 22    Spells: 12/12 levels left

rFire   + . .      SeeInvis .   a - +3 arbalest of the Purse {freeze, Str+3 Dex+3}
rCold   . . .      Faith    .   (shield currently unavailable)
rNeg    + + .      Spirit   .   c - +0 scale mail "Xoithrao" {rN+}
rPois   +          Reflect  .   (helmet restricted)
rElec   .          Harm     .   L - +2 ratskin cloak {*Rats rPois rN+ Str-1 Int-1 Dex+1}
rCorr   .          Rampage  .   B - +0 pair of gloves
Will    .....                   (no boots)
Stlth   +.........              (no amulet)
HPRegen 0.28/turn               y - +4 ring of slaying
MPRegen 0.15/turn               z - ring of protection from fire

@: no status effects
A: reduced essence, horns 2, retaliatory headbutt, fangs 1, iridescent scales 1,
dopey 1
a: Renounce Religion, Recall Ancestor, Ancestor Identity, Transference, Idealise


You were on level 5 of the Lair of Beasts.
You worshipped Hepliaklqana.
Hepliaklqana was exalted by your worship.
You visited 3 branches of the dungeon, and saw 15 of its levels.
You also visited: Ossuary.

You collected 1039 gold pieces.
You spent 517 gold pieces at shops.

Inventory:

Hand Weapons
 a - the +3 arbalest of the Purse (weapon) {freeze, Str+3 Dex+3}
   (You bought it in a shop on level 9 of the Dungeon)

   Any ammunition fired from it freezes those it strikes, dealing additional
   cold damage.
   It can also slow down cold-blooded creatures.
   Str:       It affects your strength (+3).
   Dex:       It affects your dexterity (+3).
 b - a +1 lajatang of venom
 D - a +0 quarterstaff
Missiles
 f - 3 throwing nets
Armour
 c - the +0 scale mail "Xoithrao" (worn) {rN+}
   (You found it on level 5 of the Lair of Beasts)

   rN:        It protects you from negative energy.
 B - a +0 pair of gloves (worn)
 L - the +2 ratskin cloak (worn) {*Rats rPois rN+ Str-1 Int-1 Dex+1}
   (You found it on level 8 of the Dungeon)

   When the wearer is hurt, rats may emerge from it to assist them.
   Str:       It affects your strength (-1).
   Int:       It affects your intelligence (-1).
   Dex:       It affects your dexterity (+1).
   rPois:     It protects you from poison.
   rN:        It protects you from negative energy.
 M - a scarf of repulsion
Jewellery
 h - a ring of protection from cold
 y - a +4 ring of slaying (left hand)
 z - a ring of protection from fire (right hand)
 I - a ring of poison resistance
Wands
 j - a wand of flame (12)
 p - a wand of polymorph (5)
Scrolls
 e - 8 scrolls of teleportation
 g - a scroll of immolation
 m - 2 scrolls of identify
 n - 6 scrolls of enchant armour
 o - 2 scrolls of enchant weapon
 s - 2 scrolls of poison
 u - 4 scrolls of magic mapping
 w - a scroll of blinking
 F - a scroll of fear
Potions
 d - a potion of cancellation
 i - 9 potions of curing
 k - 3 potions of might
 l - 5 potions of resistance
 q - 4 potions of haste
 r - 3 potions of lignification
 t - 4 potions of flight
 v - 2 potions of heal wounds
 x - a potion of ambrosia
 A - a potion of berserk rage


   Skills:
 + Level 13.9 Fighting
 - Level 3.8(6.9) Polearms
 - Level 9.0(9.3) Staves
 * Level 14.6 Ranged Weapons
 + Level 12.1 Armour
 + Level 8.6 Dodging
 - Level 0.7 Stealth
 - Level 6.7 Invocations


You had 12 spell levels left.
You didn't know any spells.
Your spell library contained the following spells:

 Spells                   Type           Power      Damage    Failure   Level
 Magic Dart               Conj           0%         1d3       82%         1
 Sting                    Tmut/Pois      0%         1d3       82%         1
 Poisonous Vapours        Pois/Air       0%         N/A       91%         2
 Scorch                   Fire           0%         2d5       91%         2
 Searing Ray              Conj           0%         2d4       91%         2
 Gell's Gravitas          Tloc           0%         N/A       99%         3
 Ozocubu's Armour         Ice            0%         N/A       99%         3
 Teleport Other           Tloc           0%         N/A       99%         3
 Flame Wave               Conj/Fire      0%         2d4       100%        4
 Fulminant Prism          Conj/Hex       0%         3d6       100%        4
 Olgreb's Toxic Radiance  Pois           0%         N/A       100%        4
 Freezing Cloud           Conj/Ice/Air   0%         6-21      100%        5
 Metabolic Englaciation   Hex/Ice        0%         N/A       100%        5
 Dispersal                Tloc           0%         N/A       100%        6
 Simulacrum               Ice/Necr       0%         N/A       100%        6
 Summon Cactus Giant      Summ           0%         N/A       100%        6
 Polar Vortex             Ice            0%         N/A       100%        9


Dungeon Overview and Level Annotations

Branches:
Dungeon (9/15)             Temple (1/1) D:5            Lair (5/5) D:8
 Shoals (0/4) Lair:3        Snake (0/4) Lair:3        Slime (0/5) Lair:4
Ossuary (visited)
    Orc: D:9-12

Altars:
Ashenzari
Cheibriados
Dithmenos
Elyvilon
Fedhas
Gozag
Hepliaklqana
Kikubaaqudgha
Makhleb
Nemelex Xobeh
Okawaru
Qazlal
Ru
Sif Muna
Trog
Uskayaw
Vehumet
Wu Jian
Yredelemnul
Zin
The Shining One
Jiyva

Shops:
D:1 *[   D:6 =   D:7 [   D:9 (

Portals:
Abyss: Lair:2

Annotations:
Lair:2 2 transporters, Anandil's ghost, journeyman DsIE
Lair:5 Anandil's ghost, journeyman DrIE


Innate Abilities, Weirdness & Mutations

Your life essence is reduced to manifest your ancestor. (-10% HP)
You have a pair of horns on your head.
You reflexively headbutt those who attack you in melee.
You have very sharp teeth.
You are partially covered in iridescent scales. (AC +2)
You are dopey. (Int -2)


Message History

Anandil's ghost is heavily damaged.
Anandil's ghost closely misses you.
You shoot a bolt. The bolt hits Anandil's ghost.
The bolt freezes Anandil's ghost.
Anandil's ghost is severely damaged.
Anandil's ghost closely misses you. Anandil's ghost freezes you.
You are frozen.
Okay, then.
Unknown command.
You are too injured to fight recklessly!
You are too injured to fight recklessly!
You are too injured to fight recklessly!
Fire: a) +3 arbalest of the Purse {freeze, Str+3 Dex+3}
Press: ? - help, Q - select action, (/) - cycle Shift-Dir - straight line, f/p - Anandil's ghost
Aim: Anandil's ghost, wielding a weapon of flaming (severely damaged, 58% to hit)
You shoot a bolt.
The bolt hits Anandil's ghost but does no damage.
Anandil's ghost is severely damaged.
Anandil's ghost hits you!
Fire: a) +3 arbalest of the Purse {freeze, Str+3 Dex+3}
Press: ? - help, Q - select action, (/) - cycle Shift-Dir - straight line, f/p - Anandil's ghost
Aim: Anandil's ghost, wielding a weapon of flaming (heavily damaged, 58% to hit)
You shoot a bolt. The bolt hits Anandil's ghost!
The bolt freezes Anandil's ghost.
Anandil's ghost is severely damaged.
Anandil's ghost says, "I guess you can't buy your way into a good afterlife."
Anandil's ghost freezes you.
You are frozen!
Fire: a) +3 arbalest of the Purse {freeze, Str+3 Dex+3}
Press: ? - help, Q - select action, (/) - cycle Shift-Dir - straight line, f/p - Anandil's ghost
Aim: Anandil's ghost, wielding a weapon of flaming (severely damaged, 58% to hit)
You shoot a bolt.
The bolt closely misses Anandil's ghost.
Anandil's ghost freezes you.
You are frozen!!
* * * LOW HITPOINT WARNING * * *
Anandil's ghost freezes you.
You are frozen!
You die...

* *###..###.......÷........## #
#.#* #########.......#.#
#########* ###.#.####.........##
#.#....#####.#..)≈≈##........#.#
##..........##.(~~.#.#.........##
.#..........##.~#~8(≈#..........#
............#...~...##.........##
............####W'####..........#
................@................
.............................P##.
.#.#.#..†#....................#*#
#.#.....#.#...#..............##
.#.#.#.#.#.#..#.#...........##
....#.#..........P.....#.#.##
.#.#.#.#...#.....P...###.###
#.#.#.#.#.#.........#.####
.....#.....#.......####


You could see Anandil's ghost.

Vanquished Creatures
  Harold (D:9)
  2 boulder beetles
  A hydra (Lair:5)
  A catoblepas (Lair:3)
  5 death yaks (Lair:4)
  A sea snake (Lair:5)
  16 elephants
  3 black mambas
  11 cane toads
  2 rime drakes
  Psyche (D:9)
  9 komodo dragons
  5 polar bears
  A hornet (D:8)
  3 wind drakes (Lair:5)
  23 blink frogs
  A wraith (D:9)
  5 wyverns
  8 yaks
  2 basilisks
  2 steam dragons (Lair:5)
  A naga (Lair:3)
  4 water moccasins
  An orc warrior (D:9)
  A sky beast (D:7)
  A black bear (D:8)
  3 ogres
  11 wolves
  A centaur (D:9)
  7 bullfrogs
  2 elf skeletons (D:5)
  A scorpion (D:7)
  2 water moccasin zombies (Ossuary)
  7 wights
  3 killer bees (D:4)
  2 jellies (D:5)
  A hound (D:6)
  A gnoll bouda (D:5)
  2 orc priests
  2 human skeletons (D:5)
  An iguana (D:5)
  6 orc wizards
  4 hell rats (Lair:4)
  7 adders
  2 gnolls
  A dart slug (D:4)
  25 orcs
  8 ball pythons
  4 endoplasms
  2 giant cockroaches
  2 gnoll zombies (Ossuary)
  4 goblins
  7 hobgoblins
  7 jackals
  4 quokkas
  3 bats (D:1)
  A frilled lizard (D:3)
  A hobgoblin zombie (Ossuary)
  7 kobolds
  2 kobold zombies (Ossuary)
  An orc skeleton (D:5)
  3 orc zombies
  8 rats
266 creatures vanquished.

Vanquished Creatures (collateral kills)
  A hydra (Lair:1)
  A centaur warrior (D:9)
  2 elephants
  2 cane toads
  A komodo dragon (Lair:2)
  A polar bear (Lair:5)
  3 blink frogs
  Sigmund (D:3)
  3 yaks
  A steam dragon (Lair:1)
  2 water moccasins
  2 ice beasts (D:7)
  4 wolves
  2 centaurs
  A kobold brigand (D:6)
  2 necrophages
  2 bullfrogs
  A scorpion (D:6)
  3 water moccasin zombies (Ossuary)
  10 wights
  2 howler monkeys
  An electric eel (Lair:1)
  A human zombie (D:5)
  A gnoll bouda (D:8)
  3 orc priests
  3 hounds
  3 human skeletons (D:5)
  An iguana (D:5)
  6 orc wizards
  A hell rat (Lair:4)
  2 mummies (Ossuary)
  4 gnolls
  An adder (D:5)
  A white imp (D:6)
  An ufetubus (D:4)
  4 adder zombies (Ossuary)
  3 worms
  A dart slug (D:4)
  13 orcs
  A giant cockroach (D:2)
  2 gnoll zombies (Ossuary)
  A goblin (D:4)
  3 hobgoblins
  2 jackals (D:5)
  A kobold (D:1)
  2 quokkas (D:3)
  A ball python (D:4)
  A hobgoblin zombie (Ossuary)
  A kobold zombie (Ossuary)
  3 orc zombies
  A spectral goblin (D:5)
  A butterfly (D:5)
117 creatures vanquished.

Vanquished Creatures (others)
  4 knights
  16 fungi
  35 plants
55 creatures vanquished.

Grand Total: 438 creatures vanquished

Notes
Turn   | Place    | Note
-------+----------+-------------------------------------------
     0 | D:1      | corgi the Minotaur Hunter began the quest for the Orb.
     0 | D:1      | Reached XP level 1. HP: 18/18 MP: 0/0
    59 | D:1      | Reached XP level 2. HP: 25/25 MP: 1/1
    66 | D:1      | Found a faded altar of an unknown god.
    83 | D:1      | Prayed at the altar of an unknown god.
    83 | D:1      | Became a worshipper of Hepliaklqana the Forgotten
    83 | D:1      | Reached * piety under Hepliaklqana
   146 | D:1      | Reached skill level 1 in Armour
   207 | D:1      | Found Joninkec's Antique Armour Shoppe.
   407 | D:1      | Found Datruril's General Store.
   602 | D:1      | Reached ** piety under Hepliaklqana
   603 | D:1      | Remembered your ancestor Stinko as a knight
   825 | D:2      | Reached XP level 3. HP: 27/27 MP: 2/2
  1079 | D:2      | Reached XP level 4. HP: 34/34 MP: 3/3
  1168 | D:2      | Reached skill level 5 in Ranged Weapons
  1426 | D:2      | Gained mutation: You are dopey. (Int -2) [potion of
                  | mutation]
  1426 | D:2      | Gained mutation: You have very sharp teeth. [potion of
                  | mutation]
  1426 | D:2      | Gained mutation: You are partially covered in iridescent
                  | scales. (AC +2) [potion of mutation]
  1644 | D:3      | Reached *** piety under Hepliaklqana
  1832 | D:3      | Noticed Sigmund
  1843 | D:3      | Killed Sigmund
  1844 | D:3      | Reached XP level 5. HP: 39/42 MP: 4/4
  1844 | D:3      | Reached XP level 6. HP: 44/47 MP: 5/5
  2356 | D:3      | Found an ancient bone altar of Kikubaaqudgha.
  2360 | D:3      | Found a broken altar of Ashenzari.
  2363 | D:3      | Found a shimmering blue altar of Sif Muna.
  2507 | D:4      | Reached skill level 5 in Fighting
  2510 | D:4      | Reached skill level 6 in Ranged Weapons
  2510 | D:4      | Reached XP level 7. HP: 8/54 MP: 6/6
  3027 | D:4      | Reached skill level 5 in Dodging
  3244 | D:4      | Reached **** piety under Hepliaklqana
  3292 | D:4      | Reached skill level 5 in Armour
  3501 | D:5      | Entered Level 5 of the Dungeon
  3548 | D:5      | Found a staircase to the Ecumenical Temple.
  3563 | D:5      | Reached XP level 8. HP: 63/63 MP: 4/7
  3682 | D:5      | Reached skill level 7 in Ranged Weapons
  3788 | D:5      | Found a sand-covered staircase.
  3802 | Ossuary  | Entered an ossuary
  4062 | Temple   | Entered the Ecumenical Temple
  4336 | D:5      | Found a hazy altar of Hepliaklqana.
  4698 | D:5      | Reached skill level 1 in Staves
  4698 | D:5      | Reached XP level 9. HP: 61/71 MP: 8/8
  4792 | D:6      | Found Motev's Jewellery Boutique.
  4873 | D:6      | Reached skill level 8 in Ranged Weapons
  4963 | D:6      | Found an iron altar of Okawaru.
  5011 | D:6      | Found a burning altar of Makhleb.
  5453 | D:7      | Reached skill level 9 in Ranged Weapons
  5821 | D:7      | Reached skill level 10 in Ranged Weapons
  5829 | D:7      | Found Rokos's Antique Armour Shoppe.
  6020 | D:8      | Reached ***** piety under Hepliaklqana
  6077 | D:8      | Paralysed by a hornet for 2 turns
  6366 | D:8      | Reached XP level 10. HP: 81/81 MP: 9/9
  6590 | D:1      | Bought a runed cloak for 232 gold pieces
  6786 | D:8      | Found the +2 ratskin cloak {*Rats rPois rN+ Str-1 Int-1
                  | Dex+1}
  6813 | D:8      | Found a staircase to the Lair.
  6881 | D:8      | Found a blossoming altar of Fedhas.
  6881 | D:8      | Found a stormy altar of Qazlal.
  6940 | D:8      | Found a sacrificial altar of Ru.
  7280 | D:9      | Reached skill level 11 in Ranged Weapons
  7374 | D:9      | Noticed a centaur warrior
  7380 | D:9      | Killed a centaur warrior
  7381 | D:9      | Reached skill level 10 in Fighting
  7814 | D:9      | Reached skill level 1 in Polearms
  7983 | D:9      | Noticed Harold
  7991 | D:9      | Killed Harold
  7992 | D:9      | Reached skill level 12 in Ranged Weapons
  8141 | D:9      | Noticed Psyche
  8151 | D:9      | Killed Psyche
  8197 | D:9      | Found Geociwua's Antique Weapon Boutique.
  8202 | D:9      | Bought an ancient arbalest for 285 gold pieces
  8202 | D:9      | Identified the +3 arbalest of the Purse {freeze, Str+3
                  | Dex+3} (You bought it in a shop on level 9 of the Dungeon)
  8236 | Lair:1   | Entered Level 1 of the Lair of Beasts
  8246 | Lair:1   | Identified the +6 mace of the Growing Gods {spect, Contam
                  | +Blink rN+}
  8370 | Lair:1   | Noticed a black mamba
  8376 | Lair:1   | Killed a black mamba
  8377 | Lair:1   | Reached XP level 11. HP: 84/90 MP: 10/10
  8579 | Lair:1   | Reached skill level 1 in Invocations
  8959 | Lair:1   | Noticed a four-headed hydra
  8965 | Lair:1   | Killed a four-headed hydra
  9470 | Lair:2   | Found a transporter.
  9840 | Lair:2   | Noticed a white ugly thing
  9841 | Lair:2   | Found a transporter.
  9842 | Lair:2   | Noticed Anandil's ghost (journeyman DsIE)
  9843 | Lair:2   | Noticed a thrashing horror
  9849 | Lair:2   | Noticed a spriggan rider
  9872 | Lair:2   | Found a one-way gate to the infinite horrors of the Abyss.
 10719 | Lair:3   | Reached ****** piety under Hepliaklqana
 10733 | Lair:3   | Reached skill level 5 in Staves
 10821 | Lair:3   | Found a staircase to the Shoals.
 10834 | Lair:3   | Reached skill level 13 in Ranged Weapons
 11010 | Lair:3   | Noticed a catoblepas
 11016 | Lair:3   | Killed a catoblepas
 11017 | Lair:3   | Reached XP level 12. HP: 97/100 MP: 14/14
 11205 | Lair:3   | Noticed a boulder beetle
 11209 | Lair:3   | Killed a boulder beetle
 11216 | Lair:3   | Reached skill level 10 in Armour
 11227 | Lair:3   | Reached skill level 5 in Invocations
 11365 | Lair:3   | Found a staircase to the Snake Pit.
 12533 | Lair:4   | Noticed a death yak
 12533 | Lair:4   | Noticed a death yak
 12533 | Lair:4   | Noticed a death yak
 12533 | Lair:4   | Noticed a death yak
 12533 | Lair:4   | Noticed a death yak
 12536 | Lair:4   | Killed a death yak
 12553 | Lair:4   | Killed a death yak
 12559 | Lair:4   | Killed a death yak
 12567 | Lair:4   | Killed a death yak
 12568 | Lair:4   | Reached XP level 13. HP: 24/109 MP: 16/16
 12573 | Lair:4   | HP: 4/109 [death yak (12)]
 13000 | Lair:4   | Found a viscous altar of Jiyva.
 13000 | Lair:4   | Found a staircase to the Slime Pits.
 13092 | Lair:4   | Reached skill level 14 in Ranged Weapons
 13315 | Lair:5   | Entered Level 5 of the Lair of Beasts
 13337 | Lair:5   | Identified the +0 scale mail "Xoithrao" {rN+}
 13960 | Lair:5   | Found a large runed translucent door.
 13965 | Lair:5   | Found a large runed translucent door.
 13966 | Lair:5   | Noticed Anandil's ghost (journeyman DrIE)
 14237 | Lair:5   | Frozen to death by Anandil's ghost

Illustrated notes

Levels and vault maps discovered:
D:1:      amcnicky_arrival_underground_garden, layout_loops_ring,
          chequers_ecumenical_altar_island, serial_shops, nicolae_square_shop,
          nicolae_shop_trees
D:2:      layout_basic
D:3:      layout_basic, minmay_overflow_temple_star_quad, uniq_sigmund
D:4:      layout_cave_pools, minmay_misc_feat_pillars
D:5:      layout_basic, nicolae_hepliaklqana_monster_ancestors,
          minmay_temple_entry_butterflies, nicolae_ossuary_entry_catacombs
D:6:      layout_rooms, mainiacjoe_overflow_catch_the_wave, serial_shops,
          nicolae_shop_trees
D:7:      layout_rooms, serial_shops, nicolae_diamond_shop
D:8:      layout_basic, chequers_temple_overflow_statue_of_worship,
          lair_entry_dummy, kennysheep_generic_room_14
D:9:      layout_rooms, serial_shops, kennysheep_little_box, uniq_harold,
          uniq_psyche
Temple:   chequers_temple_sunken
Lair:1:   layout_regular_city, wad_woods_river_01
Lair:2:   layout_regular_city, gammafunk_ghost_abyssal_escape,
          beast_lair_carwin_2
Lair:3:   layout_layer_cave, elwin_shoals_entry_rocks,
          guppyfry_snake_entry_garden, beast_lair_carwin_9
Lair:4:   layout_loops_ring, dpeg_slime_entry_enclosed, patterned_corridor,
          grunt_megastairs_1
Lair:5:   gammafunk_lair_ancient_temple, layout_cave_pods,
          ebering_ghost_disaster_area, minivault_23, st_stairs_12,
          infiniplex_staircase_pool

Skill      XL: |  1  2  3  4  5  6  7  8  9 10 11 12 13 |
---------------+----------------------------------------+-----
Armour         | 1 2 3 4 5 6 7 8 9 11 12 | 12.1
Fighting       | 3 4 5 6 7 9 10 12 13 | 13.9
Dodging        | 3 4 5 6 7 8 |  8.6
Ranged Weapons | 5 6 7 10 12 13 14 | 14.6
Staves         | 1 5 7 9 |  9.0
Polearms       | 3 |  3.8
Invocations    | 4 6 |  6.7
Stealth        | |  0.7

Action                   |  1- 3 |  4- 6 |  7- 9 | 10-12 | 13-15 || total
-------------------------+-------+-------+-------+-------+-------++-------
Melee: Headbutt          |       |     1 |     2 |     1 |       ||     4
       Whip              |       |     1 |       |       |       ||     1
       Lajatang          |       |       |     8 |     6 |       ||    14
       Bite              |       |       |       |     1 |       ||     1
 Fire: Shortbow          |    72 |   108 |   340 |    57 |       ||   577
       Arbalest          |       |       |       |   300 |   161 ||   461
Invok: Ancestor Identity |     1 |     1 |       |       |       ||     2
       Ancestor Life: Kn |     1 |       |       |       |       ||     1
       Recall Ancestor   |       |       |     2 |       |       ||     2
  Use: Scroll            |     2 |     4 |     7 |     9 |     2 ||    24
       Potion            |       |     5 |     1 |       |     1 ||     7
Armor: Leather armour    |     7 |     4 |       |       |       ||    11
       Scale mail        |       |     3 |    57 |    76 |     9 ||   145
Dodge: Dodged            |    16 |    18 |    93 |   153 |    15 ||   295
